 Dungeon Crawl Stone Soup version 0.31.0-11-ge490571c62 (webtiles) character file.

Game seed: 12752001682853177004

529 Curundu the Magician (level 7, -4/47 HPs)
             Began as a Djinni Fire Elementalist on Jan 30, 2024.
             Slain by a scorpion (6 damage)
             ... on level 5 of the Dungeon.
             The game lasted 00:22:40 (3829 turns).

Curundu the Magician (Djinni Fire Elementalist)     Turns: 3829, Time: 00:22:41

Health: -4/47      AC:  3    Str:  7    XL:     7   Next: 48%
Gold:   203        EV: 13    Int: 19    God:
                   SH:  0    Dex: 13

rFire   + +          .
                       - Unarmed
rCold   x . .        (no shield)
rNeg    . . .        a - +0 robe
rPois   ∞            (no helmet)
rElec   .            l - +0 cloak
rCorr   .            (no gloves)
SInv    .            (boots unavailable)
Will    .....        (no amulet)
Stlth   ++           (no ring)
HPRegen 0.27/turn    (no ring)
MPRegen 0.00/turn

%: infuse magic (-5 HP)
@: flying, inugami summoned
A: sickness immunity, fire resistance 2, cold vulnerability 1, float, innate
caster, HP casting, extra vitality 1
a: no special abilities


You were on level 5 of the Dungeon.
You visited 1 branch of the dungeon, and saw 5 of its levels.

You collected 203 gold pieces.

Inventory:

Missiles
 j - 4 boomerangs
 u - 2 throwing nets
Armour
 a - a +0 robe (worn)
 l - a +0 cloak (worn)
Jewellery
 q - a +6 ring of strength
 r - a +6 ring of strength
 y - a +6 ring of dexterity
Wands
 w - a wand of mindburst (15)
 z - a wand of digging (4)
Scrolls
 b - 4 scrolls of identify {unknown}
 d - 2 scrolls of noise
 e - 2 scrolls of silence {unknown}
 m - a scroll of enchant armour {unknown}
 n - 2 scrolls of enchant weapon
 s - 3 scrolls of revelation {unknown}
 t - 2 scrolls of blinking {unknown}
 v - a scroll of fear {unknown}
 A - a scroll of teleportation {unknown}
Potions
 c - a potion of heal wounds {unknown}
 f - a potion of magic {unknown}
 g - a potion of curing {unknown}
 h - a potion of ambrosia {unknown}
 i - 2 potions of cancellation {unknown}
 k - 4 potions of berserk rage {unknown}
 o - a potion of attraction {unknown}
 p - 2 potions of brilliance {unknown}
 x - 2 potions of might {unknown}
 B - a potion of haste {unknown}


   Skills:
 + Level 1.1 Fighting
 + Level 4.4 Dodging
 + Level 3.7 Stealth
 + Level 2.1 Unarmed Combat
 + Level 4.6 Spellcasting
 + Level 4.6 Conjurations
 + Level 4.6 Hexes
 + Level 4.6 Summonings
 + Level 4.6 Necromancy
 + Level 4.6 Translocations
 + Level 4.6 Fire Magic
 + Level 4.6 Ice Magic
 + Level 4.6 Air Magic
 + Level 4.6 Earth Magic
 + Level 4.6 Alchemy


You knew the following spells:

 Your Spells              Type           Power      Damage    Failure   Level
a - Foxfire               Conj/Fire      84%        2x1d8     1%          1
b - Scorch                Fire           42%        2d6       3%          2
c - Volatile Blastmotes   Fire/Tloc      42%        2d13      6%          3
d - Inner Flame           Hex/Fire       21%        N/A       6%          3
e - Flame Wave            Conj/Fire      21%        2d8       19%         4
f - Kiss of Death         Conj/Necr      84%        2d11      1%          1
g - Momentum Strike       Conj/Tloc      42%        3d9       3%          2
h - Call Canine Familiar  Summ           21%        N/A       6%          3
Your spell library was empty.

Dungeon Overview and Level Annotations

Branches:
Dungeon (5/15)
 Temple: D:4-7

Altars:
Hepliaklqana

Annotations:
D:3 3 runed translucent doors, ChrisAssaf's ghost, amateur DjCj


Innate Abilities, Weirdness & Mutations

You are immune to sickness and miasma.
You are immune to poison.
Your flesh is very heat resistant. (rF++)
You are vulnerable to cold. (rC-)
You float through the air rather than walking.
You learn spells naturally, not from books.
Your magical power is your life essence.
You have superior vitality. (+4 MHP)


Message History

Flames lash the sleepcap.
The sleepcap is moderately damaged.
The sleepcap's fire resistance burns away.
The iguana bites you!
* * * LOW HITPOINT WARNING * * *
The sleepcap barely misses your inugami.
The scorpion closely misses your inugami.
Your inugami hits the iguana. The iguana attacks as it pursues you!
The iguana closely misses you.
The scorpion stings your inugami but does no damage.
Your inugami barely misses the iguana.
Casting: Scorch (safe; 3% risk of failure)
Confirm with . or Enter, or press ? or * to list all spells.
You don't have enough health to cast this spell.
The iguana bites your inugami! The iguana attacks as it pursues you!
The iguana bites you.
* * * LOW HITPOINT WARNING * * *
Your inugami barely misses the iguana.
You see here 5 gold pieces.
Unknown command.
Your inugami hits the iguana but does no damage.
The sleepcap is no longer more vulnerable to fire.
The scorpion is no longer more vulnerable to fire.
The sleepcap releases spores at your inugami.
Your inugami is engulfed in a cloud of soporific spores!
Your inugami hits the sleepcap.
You see here an iguana corpse.
Your inugami hits the sleepcap.
You see here a +0 chain mail.
Things that are here:
a +0 halberd; a gnoll corpse The scorpion attacks as it pursues you!
The scorpion barely misses you. The scorpion attacks as it pursues you!
The scorpion stings you but does no damage.
The scorpion attacks as it pursues you! The scorpion stings you.
* * * LOW HITPOINT WARNING * * *
Unknown command.
The scorpion attacks as it pursues you! The scorpion misses you.
The scorpion stings you.
You die...

#.# #.###########
#...........#######
#.########......... #.#
#......... #.# #.).......
#.# ######.#######
#######.####...##.#####
..........s@...+......+
######...###...##.##### #
#.%.# #...##.# ... #...#
######.# # .... ##l## #<# .#
.....##)## ###########..#
.....))..# #.............
#######..######.#...........
#..l.†l.lf.$..?..#


You could see a scorpion.

Vanquished Creatures
  Sigmund (D:5)
  2 hounds
  An iguana (D:5)
  A gnoll (D:5)
  7 adders
  2 ribbon worms
  2 dart slugs
  5 orcs (D:3)
  6 bats
  7 endoplasms
  5 giant cockroaches
  10 goblins
  11 hobgoblins
  3 quokkas
  10 ball pythons
  4 frilled lizards
  8 kobolds
  9 rats
94 creatures vanquished.

Vanquished Creatures (collateral kills)
  An ogre (D:5)
  2 gnolls (D:5)
3 creatures vanquished.

Vanquished Creatures (others)
  27 foxfires (D:1)
27 creatures vanquished.

Grand Total: 124 creatures vanquished

Notes
Turn   | Place    | Note
-------+----------+-------------------------------------------
     0 | D:1      | Curundu the Djinni Fire Elementalist began the quest for
                  | the Orb.
     0 | D:1      | Curundu set off with the following spells memorised:
                  | Foxfire, Scorch, Volatile Blastmotes, Inner Flame, Flame
                  | Wave.
     0 | D:1      | Reached XP level 1. HP: 15/15 MP: 0/0
   188 | D:1      | Reached XP level 2. HP: 17/21 MP: 0/0
   728 | D:1      | Reached XP level 3. HP: 8/25 MP: 0/0
   728 | D:1      | Learned a level 1 spell: Kiss of Death
  1268 | D:2      | Reached XP level 4. HP: 25/31 MP: 0/0
  1309 | D:2      | Reached skill level 1 in Unarmed Combat
  1416 | D:2      | Found a hazy altar of Hepliaklqana.
  2293 | D:3      | Reached XP level 5. HP: 32/36 MP: 0/0
  2293 | D:3      | Learned a level 2 spell: Momentum Strike
  2533 | D:3      | Found a runed translucent gate.
  2534 | D:3      | Found a runed translucent gate.
  2535 | D:3      | Found a runed translucent gate.
  2537 | D:3      | Noticed ChrisAssaf's ghost (amateur DjCj)
  2538 | D:3      | Noticed a kobold brigand
  2844 | D:3      | Reached skill level 1 in Fighting
  3171 | D:4      | Reached XP level 6. HP: 36/42 MP: 0/0
  3541 | D:5      | Entered Level 5 of the Dungeon
  3543 | D:5      | Noticed Sigmund
  3549 | D:5      | Killed Sigmund
  3623 | D:5      | Reached XP level 7. HP: 34/47 MP: 0/0
  3623 | D:5      | Learned a level 3 spell: Call Canine Familiar
  3811 | D:5      | HP: 1/47 [iguana (3)]
  3828 | D:5      | HP: 1/47 [scorpion (4)]
  3829 | D:5      | Slain by a scorpion

Illustrated notes

Levels and vault maps discovered:
D:1:      psy_arrival_heroes, layout_basic
D:2:      layout_basic, basic_altar
D:3:      minmay_razor_zed, layout_basic, gammafunk_ghost_nasty_kobolds
D:4:      layout_rooms, hex_intersection
D:5:      layout_basic, nicolae_overflow_hidden_temple,
          minmay_fractal_squares_diagonal_5, uniq_sigmund, uniq_pikel

Skill      XL: |  1  2  3  4  5  6  7 |
---------------+----------------------+-----
Stealth        | 2 3 |  3.7
Dodging        | 3 4 |  4.4
Unarmed Combat | 1 2 |  2.1
Fighting       | 1 |  1.1
Spellcasting   | 4 |  4.6
Conjurations   | 4 |  4.6
Hexes          | 4 |  4.6
Summonings     | 4 |  4.6
Necromancy     | 4 |  4.6
Translocations | 4 |  4.6
Fire Magic     | 4 |  4.6
Ice Magic      | 4 |  4.6
Air Magic      | 4 |  4.6
Earth Magic    | 4 |  4.6
Alchemy        | 4 |  4.6

Action                     |  1- 3 |  4- 6 |  7- 9 || total
---------------------------+-------+-------+-------++-------
  Melee: Unarmed           |    46 |    18 |    15 ||    79
         Punch             |       |       |     1 ||     1
   Cast: Foxfire           |    24 |       |       ||    24
         Scorch            |    16 |    78 |     7 ||   101
         Call Canine Famil |       |       |     4 ||     4
    Use: Scroll            |     2 |       |       ||     2
   Stab: Sleeping          |       |     2 |       ||     2
 Armour: Robe              |    31 |    17 |    14 ||    62
  Dodge: Dodged            |    41 |    16 |    16 ||    73
